 Dungeon Crawl Stone Soup version 0.29.0-4-gdea44cf6ec (webtiles) character file.

Game seed: 5269964962436969774

47 qw the Chopper (level 3, -4/21 HPs)
             Began as a Tengu Warper on Aug 28, 2022.
             Slain by Terence
             ... wielding a +0 flail
              (9 damage)
             ... on level 3 of the Dungeon.
             The game lasted 00:00:13 (2164 turns).

qw the Chopper (Tengu Warper)                       Turns: 2164, Time: 00:00:13

Health: -4/21      AC:  0    Str: 12 (13) XL:     3   Next: 70%
Magic:  7/7        EV: 14    Int: 11 (13) God:
Gold:   74         SH:  0    Dex: 10 (13) Spells: 6/6 levels left

rFire   . . .      SeeInvis .   (weapon currently unavailable)
rCold   . . .      Faith    .   (shield currently unavailable)
rNeg    . . .      Spirit   .   (body armour currently unavailable)
rPois   .          Reflect  .   (helmet currently unavailable)
rElec   .          Harm     .   (cloak currently unavailable)
rCorr   .          Rampage  .   (gloves currently unavailable)
Will    .....                   (boots unavailable)
Stlth   +.........              (no amulet)
HPRegen 0.07/turn               (ring currently unavailable)
MPRegen 0.10/turn               (ring currently unavailable)

@: pig-form, very quick
A: fast, no casting, small, (beak), (talons 3)
a: no special abilities


You were on level 3 of the Dungeon.
You were a filthy swine.
You visited 1 branch of the dungeon, and saw 3 of its levels.

You collected 74 gold pieces.


Innate Abilities, Weirdness & Mutations

You are a filthy swine.
You move quickly.
Your equipment is almost entirely melded.
You are incapable of wielding weapons or throwing items.
You cannot cast spells.
((You have a beak for a mouth.))
((You have claws for feet.))


   Skills:
 - Level 2.0 Fighting
 - Level 3.8 Axes
 - Level 1.0 Throwing
 - Level 1.1 Armour
 - Level 2.1 Dodging
 + Level 1.5 Shields
 - Level 2.0 Spellcasting
 - Level 2.4 Translocations


You had 6 spell levels left.
You didn't know any spells.
Your spell library contained the following spells:

 Spells                   Type           Power      Damage    Failure   Level
 Blink                    Tloc           12%        N/A       17%         2
 Gell's Gravitas          Tloc           6%         N/A       32%         3
 Lesser Beckoning         Tloc           6%         N/A       32%         3
 Teleport Other           Tloc           6%         N/A       32%         3
 Manifold Assault         Tloc           6%         N/A       97%         5

Inventory:

Hand Weapons
 h - a +0 club
 Y - a +0 hand axe of chaos (melded)
Armour
 a - the +1 chain mail of the Quahog (melded) {Regen+ MP+9 Int-3 Dex+4}
   (You acquired it on level 1 of the Dungeon)

   Int:       It affects your intelligence (-3).
   Dex:       It affects your dexterity (+4).
   MP:        It affects your magic capacity (+9).
   Regen:     It increases your rate of health regeneration.
 o - a +0 tower shield (melded)
Jewellery
 e - a ring of fire
 m - a ring of ice
Scrolls
 g - a scroll of identify
Potions
 b - a potion of curing
 c - a potion of heal wounds {unknown}
 d - a potion of magic {unknown}
 f - a potion of ambrosia {unknown}

Dungeon Overview and Level Annotations

Branches:
Dungeon (3/15)

Altars:
Nemelex Xobeh

Shops:
D:1 ?

Annotations:
D:3 Terence


Message History

You climb downwards.
Terence shouts!
There is a stone staircase leading up here.
Terence is nearby!
Existing waypoints: (1) D:2 (2) D:1 Assign waypoint to what number? (0-9, D - delete waypoint) Waypoint 2 re-assigned from D:1 to D:3.
Found a stone staircase leading down.
Terence zaps a wand.
You turn into a filthy swine.
Your +0 hand axe of chaos melds into your body.
Your +0 tower shield melds into your body.
The +1 chain mail of the Quahog {Regen+ MP+9 Int-3 Dex+4} melds into your body.
You feel your magic capacity decrease.
Found an emerald potion.
You hit Terence but do no damage. Terence barely misses you.
You completely miss Terence. Terence closely misses you.
You hit Terence but do no damage. Terence barely misses you.
You hit Terence.
Terence is lightly wounded.
Terence hits you with a +0 flail.
You barely miss Terence.
Terence is lightly wounded.
Terence hits you with a +0 flail!
You hit Terence but do no damage.
Terence is lightly wounded.
Terence hits you with a +0 flail.
You hit Terence but do no damage.
Terence is lightly wounded.
Terence hits you with a +0 flail.
You hit Terence.
Terence is moderately wounded.
Terence misses you.
You hit Terence but do no damage.
Terence is moderately wounded.
Terence hits you with a +0 flail!
You die...

#########
#.......#
.###.#...#>####
...!...@.......
#.h.# ###.#
#.##.##......
#....<...#
########.#


You could see Terence.

Vanquished Creatures
  A dart slug (D:1)
  4 endoplasms (D:1)
  A giant cockroach (D:1)
  3 hobgoblins
  3 jackals (D:2)
  2 quokkas
  10 ball pythons
  5 bats
  4 frilled lizards
  2 goblins
  3 kobolds
  3 rats
41 creatures vanquished.

Notes
Turn   | Place    | Note
-------+----------+-------------------------------------------
     0 | D:1      | qw the Tengu Warper began the quest for the Orb.
     0 | D:1      | Reached XP level 1. HP: 12/12 MP: 4/4
     0 | D:1      | 0 ||| qw: Version: 0.1-a-89-g26bdef1
     0 | D:1      | 0 ||| qw: Game counter: 1208
     0 | D:1      | 0 ||| qw: Always use a shield: true
     0 | D:1      | 0 ||| qw: God list: Okawaru
     0 | D:1      | 0 ||| qw: Allow faded altars: false
     0 | D:1      | 0 ||| qw: Do Orc after D:15 true
     0 | D:1      | 0 ||| qw: Do second Lair branch before Depths: true
     0 | D:1      | 0 ||| qw: Lair rune preference: random
     0 | D:1      | 0 ||| qw: Plans: Normal
     0 | D:1      | 0 ||| PLANNING D:1-11
    58 | D:1      | Found Kuasuixi's Magic Scroll Shoppe.
   101 | D:1      | 101 ||| SHOPLISTING scroll of enchant weapon (75 gold, have
                  | 3).
   127 | D:1      | HP: 3/12 [hobgoblin (3)]
   372 | D:1      | Reached XP level 2. HP: 17/17 MP: 6/6
   382 | D:1      | Reached skill level 3 in Axes
   451 | D:1      | 451 ||| Stepping ~*~*~tactically~*~*~ (hiding).
   559 | D:1      | Found a faded altar of an unknown god.
   590 | D:1      | 590 ||| Stepping ~*~*~tactically~*~*~ (hiding).
  1072 | D:1      | 1072 ||| Stepping ~*~*~tactically~*~*~ (stealth).
  1202 | D:1      | 1202 ||| Stepping ~*~*~tactically~*~*~ (stealth).
  1204 | D:1      | 1204 ||| Stepping ~*~*~tactically~*~*~ (stealth).
  1206 | D:1      | 1206 ||| Stepping ~*~*~tactically~*~*~ (stealth).
  1291 | D:1      | Reached XP level 3. HP: 20/21 MP: 7/7
  1492 | D:1      | 1492 ||| UPGRADING to +0 ring mail.
  1502 | D:1      | 1502 ||| DROPPING +0 leather armour.
  1503 | D:1      | 1503 ||| UPGRADING to +0 tower shield.
  1508 | D:1      | 1508 ||| READING scroll labelled BEOC TEUGOFRA.
  1509 | D:1      | 1509 ||| READING scroll labelled YKLEAFEWKO.
  1509 | D:1      | Identified a scroll of acquirement
  1509 | D:1      | 1509 ||| ACQUIRING +1 chain mail of the Quahog {Regen+ MP+9
                  | Int-3 Dex+4}
  1509 | D:1      | Acquired the +1 chain mail of the Quahog {Regen+ MP+9 Int-3
                  | Dex+4}
  1511 | D:1      | 1511 ||| UPGRADING to +1 chain mail of the Quahog {Regen+
                  | MP+9 Int-3 Dex+4}.
  1521 | D:1      | 1521 ||| DROPPING +0 ring mail.
  1581 | D:1      | 1581 ||| READING scroll labelled ETWEHI WASYAPH.
  1582 | D:1      | 1582 ||| READING scroll labelled SALOXK SIATZIOZOOW.
  1583 | D:1      | 1583 ||| READING scroll labelled KOMIAF CYZ.
  1584 | D:1      | 1584 ||| READING scroll labelled GOFOENA GISCHORR.
  1585 | D:1      | 1585 ||| DRINKING 3 clear potions.
  1586 | D:1      | 1586 ||| DROPPING scroll of blinking.
  1587 | D:1      | 1587 ||| DROPPING 2 potions of attraction.
  1588 | D:1      | 1588 ||| Stepping randomly (stuck).
  1589 | D:1      | 1589 ||| Stepping ~*~*~tactically~*~*~ (cloud).
  1590 | D:1      | HP: 5/21 [poisoned by you (poison gas)]
  1592 | D:1      | HP: 2/21 [poisoned by you (poison gas)]
  1597 | D:1      | HP: 1/21 [poisoned by you (poison gas)]
  1688 | D:2      | 1688 ||| Stepping ~*~*~tactically~*~*~ (stealth).
  1697 | D:2      | Found a sparkling altar of Nemelex Xobeh.
  1759 | D:2      | Reached skill level 1 in Shields
  2032 | D:2      | 2032 ||| READING scroll labelled LYLACK BAEHIOW.
  2133 | D:2      | 2133 ||| READING scroll labelled REEBBU MEH TYPP.
  2138 | D:2      | 2138 ||| READING scroll labelled ELOTET XUINE.
  2139 | D:2      | 2139 ||| DRINKING 3 pink potions.
  2140 | D:2      | 2140 ||| READING 2 scrolls of identify.
  2140 | D:2      | 2140 ||| IDENTIFYING viscous sapphire potion
  2141 | D:2      | 2141 ||| DROPPING 2 potions of degeneration.
  2153 | D:3      | Noticed Terence
  2162 | D:3      | HP: 5/21 [Terence/+0 flail (3)]
  2164 | D:3      | Slain by Terence

Levels and vault maps discovered:
D:1:      amcnicky_arrival_double_pillar, layout_basic, serial_shops, shop,
          chequers_ecumenical_altar_grove
D:2:      layout_basic, basic_altar
D:3:      layout_loops_cross, hellmonk_ghost_happy_afterlife, uniq_grinder,
          uniq_terence

Skill      XL: |  1  2  3 |
---------------+----------+-----
Axes           | 3 |  3.8
Shields        | 1 |  1.5
Fighting       | |  2.0
Throwing       | |  1.0
Armour         | |  1.1
Dodging        | |  2.1
Spellcasting   | |  2.0
Translocations | |  2.4

Action                   || total
-------------------------++-------
Melee: Hand axe          ||    80
       Kick              ||    19
       Peck              ||    15
       Unarmed           ||     9
Throw: Boomerang         ||     7
  Use: Scroll            ||    10
       Potion            ||     2
Armor: Leather armour    ||     8
       Chain mail        ||    19
Dodge: Dodged            ||    33
Block: Tower shield      ||    21

Table legend:
 A = Non-vault XP
 B = Vault XP
 C = Vault XP percentage of total XP
 D = Non-vault monster count
 E = Vault monster count
 F = Vault count percentage of total count
                 A         B        C        D         E       F
            +---------+---------+-------+---------+---------+-------
      Total |      68 |       0 |   0.0 |      41 |       0 |   0.0
            +---------+---------+-------+---------+---------+-------
        D:1 |      37 |       0 |   0.0 |      22 |       0 |   0.0
        D:2 |      31 |       0 |   0.0 |      19 |       0 |   0.0
            +---------+---------+-------+---------+---------+-------
